 Dungeon Crawl Stone Soup version 0.31.0-11-ge490571c62 (webtiles) character file.

Game seed: 2743164535350000649

1434 Arcadio the Geomancer (level 8, -4/41 HPs)
             Began as a Gargoyle Earth Elementalist on Jan 27, 2024.
             Was a Believer of Dithmenos.
             Killed by divine providence
             ... invoked by Jeremiah
              (11 damage)
             ... on level 6 of the Dungeon.
             The game lasted 00:10:05 (4615 turns).

Arcadio the Geomancer (Gargoyle Earth Elementalist) Turns: 4615, Time: 00:10:06

Health: -4/41      AC: 13    Str: 12    XL:     8   Next: 73%
Magic:  5/16       EV: 11    Int: 24    God:    Dithmenos [**....]
Gold:   263        SH:  0    Dex: 10    Spells: 6/18 levels left

rFire   . . .        t - +9 rapier "Ykkeeram" {venom, Fly}
rCold   . . .        (no shield)
rNeg    + . .        c - +0 leather armour
rPois   ∞            (helmet currently unavailable)
rElec   +            (cloak currently unavailable)
rCorr   .            (gloves currently unavailable)
SInv    .            (boots currently unavailable)
Will    .....        p - amulet of magic regeneration
Stlth   ++           e - +6 ring of intelligence
HPRegen 0.26/turn    g - +4 ring of protection
MPRegen 0.55/turn

%: no passive effects
@: beast-form, flying, wreathed by umbra
A: beast (slay +0), sickness immunity, AC +5, negative energy resistance 1,
electricity resistance, torment resistance 1, petrification resistance
a: Begin Untransformation, Renounce Religion, Shadow Step


You were on level 6 of the Dungeon.
You worshipped Dithmenos.
Dithmenos was pleased with you.
You were a hulking beast.
You visited 2 branches of the dungeon, and saw 7 of its levels.

You collected 263 gold pieces.

Inventory:

Hand Weapons
 f - a +0 dagger
 t - the +9 rapier "Ykkeeram" (weapon) {venom, Fly}
   (You found it on level 3 of the Dungeon)

   Fly:       It grants you flight.
Armour
 c - a +0 leather armour (worn)
 d - a +0 ring mail
 r - a +0 chain mail
 v - a +0 scale mail
Jewellery
 e - a +6 ring of intelligence (left hand)
 g - a +4 ring of protection (right hand)
 p - an amulet of magic regeneration (around neck)
 B - an amulet of reflection
Talismans
 o - a beast talisman (active)
Scrolls
 h - 2 scrolls of fog
 k - 3 scrolls of teleportation
 l - a scroll of poison {unknown}
 m - a scroll of butterflies {unknown}
 q - 3 scrolls of blinking
 s - a scroll of noise {unknown}
 u - a scroll of vulnerability {unknown}
 w - a scroll of enchant weapon {unknown}
 x - 2 scrolls of immolation {unknown}
 y - 2 scrolls of identify {unknown}
 D - a scroll of enchant armour {unknown}
 E - a scroll of revelation {unknown}
 F - a scroll of silence {unknown}
 G - a scroll of fear {unknown}
Potions
 a - 2 potions of enlightenment {unknown}
 b - a potion of magic
 i - a potion of lignification {unknown}
 j - 4 potions of berserk rage {unknown}
 n - 4 potions of curing {unknown}
 z - a potion of mutation {unknown}
 A - 2 potions of heal wounds {unknown}
 C - 2 potions of degeneration {unknown}


   Skills:
 + Level 6.5 Armour
 - Level 1.5 Dodging
 - Level 2.1 Stealth
 + Level 5.8 Spellcasting
 - Level 1.1 Conjurations
 + Level 8.1 Earth Magic


You had 6 spell levels left.
You knew the following spells:

 Your Spells              Type           Power      Damage    Failure   Level
a - Sandblast             Erth           92%        2d19      1%          1
b - Stone Arrow           Conj/Erth      58%        3d10      4%          3
c - Brom's Barrelling Bo  Conj/Erth      29%        2d5       16%         4
d - Petrify               Alch/Erth      26%        N/A       19%         4

Your spell library contained the following spells:

 Spells                   Type           Power      Damage    Failure   Level
 Passwall                 Erth           46%        N/A       1%          3
 Static Discharge         Conj/Air       18%        3-4/arc   12%         2
 Gell's Gravitas          Tloc           6%         N/A       30%         3
 Teleport Other           Tloc           6%         N/A       30%         3
 Airstrike                Air            3%         2d(1-17)  69%         4
 Summon Lightning Spire   Summ/Air       6%         N/A       69%         4
 Dispersal                Tloc           3%         N/A       100%        6


Dungeon Overview and Level Annotations

Branches:
Dungeon (6/15)             Temple (1/1) D:5

Altars:
Ashenzari
Cheibriados
Dithmenos
Elyvilon
Fedhas
Gozag
Kikubaaqudgha
Makhleb
Nemelex Xobeh
Okawaru
Ru
Sif Muna
Trog
Uskayaw
Vehumet
Wu Jian
Yredelemnul
Zin
The Shining One

Shops:
D:3 [

Annotations:
D:6 Jeremiah


Innate Abilities, Weirdness & Mutations

You are a hulking beast.
Your limbs bulge with bestial killing power. (Slay +0)
You are immune to sickness and miasma.
Your stone body is resilient. (AC +5)
You are immune to poison.
You resist negative energy. (rN+)
You are resistant to electric shocks. (rElec)
You are resistant to unholy torment.
You are immune to petrification.


Message History

Jeremiah hits you from afar with a +4 trident of draining.
Casting: Stone Arrow (dangerous; 4% risk of failure)
Confirm with . or Enter, or press ? or * to list all spells.
Aiming: Stone Arrow (dangerous; 4% risk of failure)
Press: ? - help, Shift-Dir - straight line, f/p - Jeremiah
Aim: Jeremiah, wielding a +4 trident of draining, wearing a +0 robe and wearing an orb of mayhem (heavily wounded, umbra, 64% to hit)
The stone arrow hits Jeremiah!
Jeremiah is almost dead.
Jeremiah throws their arms up pleadingly.
Something smites you!
Casting: Stone Arrow (dangerous; 4% risk of failure)
Confirm with . or Enter, or press ? or * to list all spells.
Aiming: Stone Arrow (dangerous; 4% risk of failure)
Press: ? - help, Shift-Dir - straight line, f/p - Jeremiah
Aim: Jeremiah, wielding a +4 trident of draining, wearing a +0 robe and wearing an orb of mayhem (almost dead, umbra, 64% to hit)
The stone arrow hits the butterfly!!
You kill the butterfly!
The butterfly disappears in a burst of colours!
Jeremiah barely misses you.
Casting: Stone Arrow (dangerous; 4% risk of failure)
Confirm with . or Enter, or press ? or * to list all spells.
Aiming: Stone Arrow (dangerous; 4% risk of failure)
Press: ? - help, Shift-Dir - straight line, f/p - Jeremiah
Aim: Jeremiah, wielding a +4 trident of draining, wearing a +0 robe and wearing an orb of mayhem (almost dead, umbra, 64% to hit)
The stone arrow misses the butterfly.
The stone arrow misses Jeremiah.
The stone arrow misses the butterfly.
Jeremiah shouts, "O dreadful one, destroy my foe!"
Something smites you!
Okay, then.
Okay, then.
The butterfly disappears in a burst of colours!
Jeremiah shouts, "O dreadful one, destroy my foe!"
Something smites you!
* * * LOW HITPOINT WARNING * * *
You see here 15 gold pieces.
The butterfly disappears in a burst of colours!
Jeremiah throws their arms up pleadingly.
Something smites you!
You die...
Jeremiah says, "O terrible one, your will is done."

#..###'###.#
####.....## ####..
#.†.....#
.....###.......###
.......'..._...+.##
##...###.......#..#
##.#.. #.......#..#
#..# ###.....##..#
..##....###'###.h.#
............b.b...#
........b#..b#b.###
##...>.. #.#bbb.#
..... #.#.F..# ....
#...b..# ...
###bbb<.# ...
..<...# .#..b...


You could see Jeremiah.

Vanquished Creatures
  A gargoyle (D:6)
  A black bear (D:4)
  Blork the orc (D:6)
  4 scorpions
  4 hounds
  4 jellies
  An orc priest (D:5)
  2 bombardier beetles
  2 sleepcaps (D:5)
  Jessica (D:2)
  2 iguanas (D:5)
  Natasha (twice) (D:2)
  8 gnolls (D:4)
  5 adders
  A river rat (D:3)
  2 ufetubi (D:5)
  5 dart slugs
  3 ribbon worms
  10 orcs
  8 endoplasms
  4 giant cockroaches (D:3)
  3 goblins
  5 hobgoblins
  7 jackals
  5 quokkas
  5 ball pythons
  4 bats
  2 frilled lizards
  7 kobolds
  10 rats
119 creatures vanquished.

Notes
Turn   | Place    | Note
-------+----------+-------------------------------------------
     0 | D:1      | Arcadio the Gargoyle Earth Elementalist began the quest for
                  | the Orb.
     0 | D:1      | Reached XP level 1. HP: 10/10 MP: 3/3
   201 | D:1      | Reached XP level 2. HP: 15/15 MP: 3/5
   276 | D:1      | Found a faded altar of an unknown god.
   351 | D:1      | Reached skill level 1 in Armour
   467 | D:1      | Reached skill level 4 in Earth Magic
   834 | D:2      | Noticed Jessica
   845 | D:2      | Killed Jessica
   846 | D:2      | Reached XP level 3. HP: 17/19 MP: 3/6
  1034 | D:2      | Learned a level 3 spell: Stone Arrow
  1308 | D:2      | Noticed Natasha
  1311 | D:2      | Killed Natasha
  1312 | D:2      | Reached XP level 4. HP: 24/24 MP: 6/8
  1715 | D:2      | Noticed Natasha
  1719 | D:2      | Killed Natasha
  1799 | D:3      | Reached XP level 5. HP: 28/28 MP: 9/9
  1807 | D:3      | Identified the +9 rapier "Ykkeeram" {venom, Fly}
  1973 | D:3      | Found a shadowy altar of Dithmenos.
  2021 | D:3      | Reached skill level 5 in Earth Magic
  2053 | D:3      | Became a worshipper of Dithmenos the Shadowed
  2079 | D:3      | Found Ofepedar's Armour Shop.
  2108 | D:3      | Learned a level 4 spell: Brom's Barrelling Boulder
  2710 | D:4      | Reached XP level 6. HP: 32/32 MP: 11/11
  2923 | D:4      | Noticed a black bear
  2927 | D:4      | Killed a black bear
  2950 | D:4      | Found an iron altar of Okawaru.
  3078 | D:4      | Reached skill level 6 in Earth Magic
  3078 | D:4      | Reached XP level 7. HP: 36/36 MP: 11/13
  3089 | D:4      | Reached * piety under Dithmenos
  3480 | D:5      | Entered Level 5 of the Dungeon
  3486 | D:5      | Learned a level 4 spell: Petrify
  3565 | D:5      | Reached skill level 5 in Armour
  3657 | D:5      | Found a glowing golden altar of the Shining One.
  3658 | D:5      | Found an opulent altar of Gozag.
  3658 | D:5      | Found an ornate altar of the Wu Jian Council.
  3661 | D:5      | Found an ancient bone altar of Kikubaaqudgha.
  3663 | D:5      | Found a sacrificial altar of Ru.
  3736 | D:5      | Reached skill level 7 in Earth Magic
  4068 | D:5      | Reached XP level 8. HP: 41/41 MP: 15/15
  4072 | D:5      | Reached skill level 5 in Spellcasting
  4172 | D:5      | Found a staircase to the Ecumenical Temple.
  4190 | Temple   | Entered the Ecumenical Temple
  4410 | D:6      | Noticed Blork the orc
  4419 | D:6      | Killed Blork the orc
  4515 | D:6      | Noticed a gargoyle
  4523 | D:6      | Killed a gargoyle
  4524 | D:6      | Reached skill level 8 in Earth Magic
  4584 | D:6      | Found a radiant altar of Vehumet.
  4586 | D:6      | Reached ** piety under Dithmenos
  4604 | D:6      | Noticed Jeremiah
  4615 | D:6      | Killed from afar by Jeremiah

Illustrated notes

Levels and vault maps discovered:
D:1:      lightli_arrival_windingriver, layout_loops_ring,
          basic_ecumenical_altar, grunt_decor_arrowhead, hangedman_decor_push
D:2:      layout_loops_corners, uniq_jessica, uniq_natasha
D:3:      layout_loops_ring, old_standard_altar, serial_shops, shop,
          portal_sewer_entry_e, chequers_serial_rivers_large_a, minivault_23
D:4:      layout_loops_cross, okawaru_metal_pillars_1_2
D:5:      layout_loops_ring, minitemple, minmay_temple_entry_antechambers,
          minmay_fractal_squares_gapless_5
D:6:      kennysheep_big_flooded_room, layout_rooms,
          nicolae_overflow_crystal_walls, nicolae_vehumet_altar_sigil,
          minmay_manual_mullet, uniq_jeremiah, uniq_blork_the_orc
Temple:   bh_familiar_temple

Skill      XL: |  1  2  3  4  5  6  7  8 |
---------------+-------------------------+-----
Armour         | 1 2 3 4 5 6 |  6.5
Earth Magic    | 4 5 6 7 8 |  8.1
Spellcasting   | 3 4 5 |  5.8
Dodging        | |  1.5
Stealth        | |  2.1
Conjurations   | |  1.1

Action                     |  1- 3 |  4- 6 |  7- 9 || total
---------------------------+-------+-------+-------++-------
  Melee: Dagger            |    30 |       |       ||    30
         Rapier            |       |    10 |    48 ||    58
   Cast: Sandblast         |    31 |    72 |    24 ||   127
         Stone Arrow       |       |       |    23 ||    23
    Use: Scroll            |     1 |     2 |       ||     3
   Stab: Sleeping          |     1 |     1 |     1 ||     3
 Armour: Robe              |     6 |       |       ||     6
         Leather armour    |    19 |    28 |    43 ||    90
  Dodge: Dodged            |    22 |    24 |    42 ||    88
   Form: Beast             |     1 |       |       ||     1
